 Dungeon Crawl Stone Soup version 0.21-a0-538-gd16b88a (webtiles) character file.

49 Lanoc the Ruffian (level 3, -10/36 HPs)
             Began as a Troll Chaos Knight on Dec 17, 2017.
             Mangled by a gnoll
             ... wielding a +0 halberd
              (14 damage)
             ... on level 2 of the Dungeon.
             The game lasted 00:03:31 (1140 turns).

Lanoc the Ruffian (Troll Chaos Knight)              Turns: 1140, Time: 00:03:32

Health: -10/36     AC:  7    Str: 25    XL:     3   Next: 53%
Magic:  2/2        EV: 10    Int:  8    God:    Xom [..*...]
Gold:   97         SH:  0    Dex: 10    Spells: 2/2 levels left

rFire    + . .     SeeInvis .     - Unarmed
rCold    . . .     Gourm    +   (no shield)
rNeg     . . .     Faith    .   a - +2 robe
rPois    .         Spirit   .   (helmet restricted)
rElec    .         Reflect  .   (no cloak)
rCorr    .         Harm     .   (gloves unavailable)
MR       .....                  (boots unavailable)
Stlth    +.........             (no amulet)
HPRegen  0.52/turn              i - ring of protection from fire
MPRegen  0.08/turn              (no ring)

@: mighty
A: large, unfitting armour, claws 3, fast metabolism 3, gourmand, regeneration
1, shaggy fur 1, tough skin 2
a: Renounce Religion


You were on level 2 of the Dungeon.
You worshipped Xom.
You were a toy of Xom.
You were very full.

You visited 1 branch of the dungeon, and saw 2 of its levels.

You collected 97 gold pieces.

Inventory:

Armour
 a - a +2 robe (worn)
Jewellery
 i - a ring of protection from fire (left claw)
Scrolls
 f - 3 scrolls of identify {unknown}
 g - 2 scrolls of remove curse {unknown}
 h - a scroll of blinking {unknown}
Potions
 d - a potion of lignification {unknown}
Comestibles
 b - 3 bread rations
 c - 3 royal jellies


   Skills:
 + Level 2.7 Fighting
 + Level 1.1 Throwing
 + Level 2.2 Dodging
 * Level 3.6 Unarmed Combat


You had 2 spell levels left.
You didn't know any spells.

Dungeon Overview and Level Annotations

Branches:
Dungeon (2/15)

Altars:

Annotations:
D:2 Jessica


Innate Abilities, Weirdness & Mutations

You are too large for most types of armour.
You have claws for hands.
Your metabolism is lightning-fast.
You like to eat raw meat.
Your natural rate of healing is unusually fast.
You are covered in fur. (AC +1)
You have very tough skin. (AC +2)


Message History

The gnoll hits you from afar with a spear!
Jessica hits you with a dagger.
* * * LOW HITPOINT WARNING * * *
It was a potion of might.
You feel very mighty all of a sudden. Jessica hits you with a dagger.
* * * LOW HITPOINT WARNING * * *
The gnoll barely misses you. x2
The gnoll hits you from afar with a halberd.
* * * LOW HITPOINT WARNING * * *
You closely miss Jessica. Jessica closely misses you.
The gnoll hits you but does no damage. x2; Jessica barely misses you.
The gnoll misses you.
You barely miss Jessica. The gnoll hits you but does no damage.
Jessica closely misses you. The gnoll barely misses you.
You feel mightier all of a sudden. Jessica hits you but does no damage.
The gnoll hits you from afar with a halberd!
You die...
Xom guffaws!

#.###### #......#
#......# #......+
.#......# ......gg#
#....g# ########
.##...@@# #......#
........# #......#
........# #......#
........# #......#
###.....####......#
..$..>............+
############......#
#.............###
#......).........


You could see 3 gnolls and Jessica.

Vanquished Creatures
  An ooze (D:1)
  2 dart slugs (D:1)
  3 leopard geckos (D:1)
  4 bats (D:1)
  A giant cockroach (D:1)
  2 hobgoblins
  4 jackals (D:2)
  6 kobolds
  3 frilled lizards (D:1)
  6 goblins
  4 rats (D:1)
36 creatures vanquished.

Notes
Turn   | Place    | Note
-------+----------+-------------------------------------------
     0 | D:1      | Lanoc the Troll Chaos Knight began the quest for the Orb.
     0 | D:1      | Reached XP level 1. HP: 22/22 MP: 0/0
   144 | D:1      | Reached XP level 2. HP: 29/29 MP: 1/1
   431 | D:1      | XOM: harmless Tloc miscast
   545 | D:1      | Reached XP level 3. HP: 36/36 MP: 2/2
   553 | D:1      | XOM: cloud trail
   640 | D:1      | XOM: harmless Ice miscast
   746 | D:1      | Reached skill level 1 in Throwing
  1131 | D:2      | Noticed Jessica
  1140 | D:2      | Mangled by a gnoll

Vault maps used:
D:1:      enne_arrival_octagon_isle
D:2:      first_bread, uniq_jessica

Skill      XL: |  1  2  3 |
---------------+----------+-----
Dodging        | 2 |  2.2
Throwing       | 1 |  1.1
Fighting       | |  2.7
Unarmed Combat | |  3.6

Action                   || total
-------------------------++-------
Melee: Unarmed           ||    97
       Punch             ||     1
  Use: Potion            ||     2
 Stab: Sleeping          ||     1
  Eat: Chunk             ||    15
Armor: Robe              ||    48
Dodge: Dodged            ||    49

Table legend:
 A = Spawn XP
 B = Non-spawn XP
 C = Spawn XP percentage of total XP
 D = Spawn monster count
 E = Non-spawn monster count
 F = Spawn count percentage of total count
 G = Total turns spent on level
                    A         B        C        D         E        F      G
               +---------+---------+-------+---------+---------+-------+---------
         Total |       0 |      71 |   0.0 |       0 |      36 |   0.0 |  1140
               +---------+---------+-------+---------+---------+-------+---------
           D:1 |       0 |      55 |   0.0 |       0 |      28 |   0.0 |   826
           D:2 |       0 |      16 |   0.0 |       0 |       8 |   0.0 |   314
               +---------+---------+-------+---------+---------+-------+---------
